Diables vs Demolitions
Created - 10 mars 2015 at 19:05
Goals
|
| Diables |
1 |
2 |
1 |
4 |
| Demolitions |
2 |
4 |
3 |
9 |
|
Shots
|
| Diables |
14 |
8 |
8 |
30 |
| Demolitions |
14 |
9 |
13 |
36 |
|
1st period
1. Diables , Chris Mcallister 26 (Petr Sykora) at 4:14
2. Demolitions , Daniel Paille 32 (T.J. Hensick) at 15:33
3. Demolitions , Daniel Paille 33 (T.J. Hensick) at 15:47
Penalties :
Peter Harrold (Vic) for Holding (Minor) at 5:09, Konstantin Pushkarev (Vic) for Hooking (Minor) at 17:41
2nd period
4. Demolitions , Nicolas Blanchard 4 (Peter Harrold, Darren Helm) at 1:18
5. Demolitions , Darren Helm 19 (Jordan LaVallee, Kyle Cumiskey) at 4:48
6. Demolitions , Andrew Campbell 1 (Unassisted) at 15:24
7. Demolitions , Anton Babchuk 10 (T.J. Hensick) at 16:11
8. Diables , Tomas Kubalik 4 (Chris Mcallister, Kyle Chipchura) at 17:55
9. Diables , Petr Sykora 16 (Justin Schultz) at 18:29
Penalties :
Damien Brunner (Alm) for Holding (Minor) at 1:45, Spencer Machacek (Vic) for Interference (Minor) at 19:31
3rd period
10. Demolitions , Anthony Stewart 36 (Daniel Paille) at 3:31 (SH)
11. Diables , Brett Maclean 34 (Justin Schultz, Martin Grenier) at 3:51 (PP)
12. Demolitions , Spencer Machacek 14 (Konstantin Pushkarev) at 17:37
13. Demolitions , Anthony Stewart 37 (Kyle Cumiskey, T.J. Hensick) at 19:40 (PP)
Penalties :
Seth Helgeson (Vic) for Hooking (Minor) at 3:19, Anton Babchuk (Vic) for Holding (Minor) at 7:13, Bryan Rodney (Alm) for Roughing (Double Minor) at 11:04, Tomas Kubalik (Alm) for Tripping (Minor) at 18:50
Goalie Stats
Jeff Glass (Alm), 12 saves from 16 shots - (0,750), 24:48 minutes
Jean-Francois Berube (Alm), 15 saves from 20 shots - (0,750), L, 9-15-1, 35:12 minutes
Chad Johnson (Vic), 26 saves from 30 shots - (0,867), W, 18-6-4, 60:00 minutes
Players Stats for Diables
Player Name G A P +/- PIM S H SB GA TA FO MP PP MP PK MP
------------------------------------------------------------------------------------
Andrej Meszaros 0 0 0 -1 0 0 1 1 0 0 0/0 18:30 3:06 2:53
Brett Maclean 1 0 1 -3 0 3 0 1 1 0 0/0 20:21 4:44 0:00
Bryan Rodney 0 0 0 1 4 1 0 0 1 0 0/0 10:40 0:00 0:00
Chris Mcallister 1 1 2 0 0 4 1 0 2 0 0/0 19:30 3:44 2:33
Damien Brunner 0 0 0 -3 2 8 1 0 1 0 2/4 20:29 4:44 0:00
J.T. Brown 0 0 0 -1 0 0 0 0 0 0 0/0 6:49 0:00 0:00
Jamie Arniel 0 0 0 -1 0 0 1 0 0 0 0/1 4:08 0:00 0:41
Justin Schultz 0 2 2 -4 0 3 1 3 0 3 0/0 27:02 5:22 3:55
Kellan Lain 0 0 0 -1 0 3 5 0 0 0 4/7 15:40 3:44 1:32
Kyle Chipchura 0 1 1 0 0 0 1 0 0 0 10/18 16:46 0:00 3:32
Marc-André Bourdon 0 0 0 -1 0 0 0 0 0 0 0/0 4:36 0:00 0:00
Martin Grenier 0 1 1 -3 0 1 3 0 0 1 0/0 25:52 5:22 3:55
Matt Jones 0 0 0 -3 0 0 1 2 0 1 0/0 23:28 3:06 2:53
Pavel Valentenko 0 0 0 1 0 0 0 0 0 0 0/0 9:52 0:00 0:00
Petr Sykora 1 1 2 0 0 2 0 1 0 2 0/1 16:45 0:00 3:31
Pierre-Cédric Labrie 0 0 0 -1 0 1 1 1 1 2 0/0 10:46 0:00 0:00
Taylor Beck 0 0 0 -1 0 0 1 0 0 0 0/0 7:54 0:00 0:44
Tomas Kubalik 1 0 1 -1 2 2 0 0 1 1 0/0 12:37 3:44 0:00
Tyler Bozak 0 0 0 -3 0 2 1 0 1 1 16/35 21:24 4:44 1:03
Players Stats for Demolitions
Player Name G A P +/- PIM S H SB GA TA FO MP PP MP PK MP
------------------------------------------------------------------------------------
Andrew Campbell 1 0 1 1 0 0 1 0 0 0 0/0 12:24 0:00 0:55
Anssi Salmela 0 0 0 2 0 0 0 1 0 0 0/0 10:04 0:24 0:00
Anthony Stewart 2 0 2 4 0 4 1 0 0 0 1/3 24:03 3:48 5:16
Anton Babchuk 1 0 1 3 2 3 0 1 0 1 0/0 25:00 3:45 4:07
Bobby Butler 0 0 0 -2 0 1 1 1 0 0 0/0 14:26 2:27 0:00
Brad Richardson 0 0 0 -2 0 1 0 0 3 1 0/2 17:25 2:27 2:23
Corban Knight 0 0 0 0 0 0 0 0 0 0 0/0 0:00 0:00 0:00
Daniel Paille 2 1 3 4 0 5 0 1 1 0 8/12 23:47 3:49 5:16
Darren Helm 1 1 2 1 0 1 2 0 1 0 0/0 9:37 0:53 0:00
Doug Janik 0 0 0 -1 0 0 4 1 1 1 0/0 18:35 2:59 3:00
Jordan LaVallee 0 1 1 1 0 0 0 0 0 0 0/1 10:26 0:32 0:49
Josh Beaulieu 0 0 0 0 0 0 0 0 0 0 0/0 0:07 0:07 0:00
Konstantin Pushkarev 0 1 1 1 2 1 1 0 0 1 0/0 8:51 0:05 0:00
Kyle Cumiskey 0 2 2 3 0 3 1 3 2 1 0/0 27:03 3:25 5:28
Masi Marjamaki 0 0 0 0 0 0 0 0 0 0 0/0 0:00 0:00 0:00
Nicolas Blanchard 1 0 1 2 0 2 0 0 0 0 1/1 8:05 0:00 0:00
Peter Harrold 0 1 1 -1 2 3 1 0 2 1 0/0 18:00 2:59 2:20
Petr Vrana 0 0 0 2 0 2 4 0 0 1 0/0 9:24 0:00 0:49
Robert Bortuzzo 0 0 0 1 0 0 0 0 0 0 0/0 4:18 0:00 0:00
Robert Klinkhammer 0 0 0 0 0 0 0 0 0 0 0/0 0:00 0:00 0:00
Samuel Pahlsson 0 0 0 -2 0 2 0 0 0 0 5/8 14:26 2:27 0:00
Seth Helgeson 0 0 0 1 2 0 0 0 0 0 0/0 5:36 0:04 1:06
Spencer Machacek 1 0 1 2 2 1 1 0 0 0 0/1 8:14 0:00 0:00
T.J. Hensick 0 4 4 3 0 7 0 0 1 1 19/38 21:35 3:49 2:23
Vince Rocco 0 0 0 0 0 0 0 0 0 0 0/0 0:00 0:00 0:00
3 Stars
1 - Daniel Paille (Vic)
2 - Anthony Stewart (Vic)
3 - T.J. Hensick (Vic)
Power Play
Diables - 1 on 6 Attempt(s) - 16,67%
Demolitions - 1 on 4 Attempt(s) - 25,00%
Penalty Kill
Diables - 3 on 4 Attempt(s) - 75,00%
- Score 0 goal in Penalty Kill
Demolitions - 5 on 6 Attempt(s) - 83,33%
- Score 1 goal in Penalty Kill
Team Stat
Diables - Hits : 18 - Faceoff Wins : 32 - Blocked Shots : 9 - Penalty Minutes : 8
Demolitions - Hits : 17 - Faceoff Wins : 34 - Blocked Shots : 8 - Penalty Minutes : 10
Official
Referees : Sutherland Kelly and Hebert Ghislain
Linesman : Bryan Pancich and Scott Driscoll
Game Notes
Jamie Arniel is injured at 3:53 of 2nd period (Lower Body)
Jean-Francois Berube enters game at 4:48 of 2nd period
15:24 of 2nd period - Penalty Shot by Andrew Campbell for Demolitions - Goal!
Finance
Level 1 -- Attendance: 1386 (69,30%) -- Ticket Income 48 510 $
Level 2 -- Attendance: 694 (69,40%) -- Ticket Income 10 410 $
Total Attendance: 2080 (69,33%)
Total Ticket Income: 58 920 $
Other Income: 2 946 $
Total Income: 61 866 $
Diables
5 vs 5 Forward
Center Left Wing Right Wing Time % Phy DF OF
1 Tyler Bozak Brett Maclean Damien Brunner 40 1 2 2
2 Kyle Chipchura Chris Mcallister Petr Sykora 30 1 2 2
3 Kellan Lain Pierre-Cédric Labrie Tomas Kubalik 20 1 2 2
4 Jamie Arniel Taylor Beck J.T. Brown 10 1 2 2
5 vs 5 Defense
Defense Defense Time % Phy DF OF
1 Matt Jones Justin Schultz 40 1 2 2
2 Andrej Meszaros Martin Grenier 30 1 2 2
3 Pavel Valentenko Bryan Rodney 20 1 2 2
4 Marc-André Bourdon Martin Grenier 10 1 2 2
PowerPlay Forward
Center Left Wing Right Wing Time % Phy DF OF
1 Tyler Bozak Brett Maclean Damien Brunner 60 1 2 2
2 Kellan Lain Chris Mcallister Tomas Kubalik 40 1 2 2
PowerPlay Defense
Defense Defense Time % Phy DF OF
1 Justin Schultz Martin Grenier 60 1 2 2
2 Matt Jones Andrej Meszaros 40 1 2 2
Penalty Kill 4 Players Forward
Center Wing Time % Phy DF OF
1 Kyle Chipchura Petr Sykora 60 1 2 2
2 Tyler Bozak Chris Mcallister 40 1 2 2
Penalty Kill 4 Players Defense
Defense Defense Time % Phy DF OF
1 Martin Grenier Justin Schultz 60 1 2 2
2 Andrej Meszaros Matt Jones 40 1 2 2
Penalty Kill - 3 Players Forward
Forward Time % Phy DF OF
1 Kyle Chipchura 60 1 2 2
2 Petr Sykora 40 1 2 2
Penalty Kill - 3 Players Defense
Defense Defense Time % Phy DF OF
1 Martin Grenier Justin Schultz 60 1 2 2
2 Andrej Meszaros Matt Jones 40 1 2 2
4 vs 4 Forward
Center Wing Time % Phy DF OF
1 Kyle Chipchura Petr Sykora 60 1 2 2
2 Tyler Bozak Brett Maclean 40 1 2 2
4 vs 4 Defense
Defense Defense Time % Phy DF OF
1 Martin Grenier Justin Schultz 60 1 2 2
2 Andrej Meszaros Matt Jones 40 1 2 2
Last Minutes Offensive
Center Left Wing Right Wing Defense Defense
Tyler Bozak Chris Mcallister Damien Brunner Martin Grenier Justin Schultz
Last Minutes Defensive
Center Left Wing Right Wing Defense Defense
Tyler Bozak Chris Mcallister Petr Sykora Martin Grenier Justin Schultz
Goaltenders
Starting : Jeff Glass
Backup : Jean-Francois Berube
Extra Forwards
Normal : Pierre-Cédric Labrie, Kellan Lain, Jamie Arniel - PP : Pierre-Cédric Labrie, Kellan Lain - PK : Jamie Arniel
Extra Defensemen
Normal : Bryan Rodney, Andrej Meszaros, Pavel Valentenko - PP : Bryan Rodney - PK : Matt Jones, Pavel Valentenko
Penalty Shots
Kyle Chipchura, Petr Sykora, Tyler Bozak, Brett Maclean, Damien Brunner
Demolitions
5 vs 5 Forward
Center Left Wing Right Wing Time % Phy DF OF
1 T.J. Hensick Daniel Paille Anthony Stewart 40 1 2 2
2 Samuel Pahlsson Bobby Butler Brad Richardson 30 1 2 2
3 Darren Helm Jordan LaVallee Konstantin Pushkarev 20 1 2 2
4 Nicolas Blanchard Petr Vrana Spencer Machacek 10 1 2 2
5 vs 5 Defense
Defense Defense Time % Phy DF OF
1 Kyle Cumiskey Anton Babchuk 40 1 2 2
2 Doug Janik Peter Harrold 30 1 2 2
3 Anssi Salmela Andrew Campbell 20 1 2 2
4 Seth Helgeson Robert Bortuzzo 10 1 2 2
PowerPlay Forward
Center Left Wing Right Wing Time % Phy DF OF
1 T.J. Hensick Daniel Paille Anthony Stewart 60 1 2 2
2 Samuel Pahlsson Bobby Butler Brad Richardson 40 1 2 2
PowerPlay Defense
Defense Defense Time % Phy DF OF
1 Kyle Cumiskey Anton Babchuk 60 1 2 2
2 Doug Janik Peter Harrold 40 1 2 2
Penalty Kill 4 Players Forward
Center Wing Time % Phy DF OF
1 Daniel Paille Anthony Stewart 60 1 2 2
2 T.J. Hensick Brad Richardson 40 1 2 2
Penalty Kill 4 Players Defense
Defense Defense Time % Phy DF OF
1 Kyle Cumiskey Anton Babchuk 60 1 2 2
2 Doug Janik Peter Harrold 40 1 2 2
Penalty Kill - 3 Players Forward
Forward Time % Phy DF OF
1 Daniel Paille 60 1 2 2
2 Anthony Stewart 40 1 2 2
Penalty Kill - 3 Players Defense
Defense Defense Time % Phy DF OF
1 Kyle Cumiskey Anton Babchuk 60 1 2 2
2 Doug Janik Peter Harrold 40 1 2 2
4 vs 4 Forward
Center Wing Time % Phy DF OF
1 Daniel Paille Anthony Stewart 60 1 2 2
2 T.J. Hensick Brad Richardson 40 1 2 2
4 vs 4 Defense
Defense Defense Time % Phy DF OF
1 Kyle Cumiskey Anton Babchuk 60 1 2 2
2 Doug Janik Peter Harrold 40 1 2 2
Last Minutes Offensive
Center Left Wing Right Wing Defense Defense
T.J. Hensick Daniel Paille Anthony Stewart Kyle Cumiskey Anton Babchuk
Last Minutes Defensive
Center Left Wing Right Wing Defense Defense
T.J. Hensick Daniel Paille Anthony Stewart Kyle Cumiskey Anton Babchuk
Goaltenders
Starting : Chad Johnson
Backup : Jeff Frazee
Extra Forwards
Normal : Darren Helm, Jordan LaVallee, Petr Vrana - PP : Darren Helm, Jordan LaVallee - PK : Petr Vrana
Extra Defensemen
Normal : Anssi Salmela, Andrew Campbell, Seth Helgeson - PP : Anssi Salmela - PK : Andrew Campbell, Seth Helgeson
Penalty Shots
Daniel Paille, Anthony Stewart, T.J. Hensick, Brad Richardson, Bobby Butler
% Time on Ice - Diables
Lines # - Real PCT - Wanted PCT - Time Play
Normal Forward
1 - 35% - 40% - 15:47
2 - 30% - 30% - 13:24
3 - 20% - 20% - 8:44
4 - 15% - 10% - 6:49
Normal Defense
1 - 40% - 40% - 17:45
2 - 28% - 30% - 12:31
3 - 22% - 20% - 9:52
4 - 10% - 10% - 4:36
PP Forward
1 - 56% - 60% - 4:44
2 - 44% - 40% - 3:44
PP Defense
1 - 63% - 60% - 5:22
2 - 37% - 40% - 3:06
PK Forward
1 - 88% - 60% - 5:59
2 - 12% - 40% - 0:49
PK Defense
1 - 58% - 60% - 3:55
2 - 42% - 40% - 2:53
PK3 Forward
1 - 0% - 60%
2 - 0% - 40%
PK3 Defense
1 - 0% - 60%
2 - 0% - 40%
44 Forward
1 - 0% - 60%
2 - 0% - 40%
44 Defense
1 - 0% - 60%
2 - 0% - 40%
Last Minute Offensive - 0:00
Last Minute Defensive - 0:00
Total
Forward - 60:00
Defense - 60:00
|
% Time on Ice - Demolitions
Lines # - Real PCT - Wanted PCT - Time Play
Normal Forward
1 - 34% - 40% - 15:12
2 - 29% - 30% - 12:52
3 - 19% - 20% - 8:35
4 - 18% - 10% - 8:05
Normal Defense
1 - 41% - 40% - 18:19
2 - 28% - 30% - 12:36
3 - 21% - 20% - 9:31
4 - 10% - 10% - 4:18
PP Forward
1 - 64% - 60% - 4:21
2 - 36% - 40% - 2:27
PP Defense
1 - 56% - 60% - 3:49
2 - 44% - 40% - 2:59
PK Forward
1 - 72% - 60% - 6:05
2 - 28% - 40% - 2:23
PK Defense
1 - 65% - 60% - 5:28
2 - 35% - 40% - 3:00
PK3 Forward
1 - 0% - 60%
2 - 0% - 40%
PK3 Defense
1 - 0% - 60%
2 - 0% - 40%
44 Forward
1 - 0% - 60%
2 - 0% - 40%
44 Defense
1 - 0% - 60%
2 - 0% - 40%
Last Minute Offensive - 0:00
Last Minute Defensive - 0:00
Total
Forward - 60:00
Defense - 60:00
|
Play by Play
1st period
0:01 of 1st period - T.J. Hensick wins face-off versus Tyler Bozak in neutral zone.
0:12 of 1st period - Snap shot by T.J. Hensick.
0:12 of 1st period - Shot Misses the Net.
0:14 of 1st period - Snap shot by Kyle Cumiskey.
0:14 of 1st period - Stopped by Jeff Glass with a rebound.
0:53 of 1st period - Snap shot by Spencer Machacek.
0:53 of 1st period - Shot Misses the Net.
1:20 of 1st period - Wrist shot by Petr Vrana.
1:20 of 1st period - Stopped by Jeff Glass with a rebound.
1:30 of 1st period - Slapshot by Peter Harrold.
1:30 of 1st period - Deflect By Justin Schultz.
1:30 of 1st period - Stopped by Jeff Glass with a rebound.
1:32 of 1st period - Slapshot by Peter Harrold.
1:32 of 1st period - Shot Misses the Net.
1:34 of 1st period - Slapshot by Doug Janik.
1:34 of 1st period - Shot Misses the Net.
1:36 of 1st period - Slapshot by Peter Harrold.
1:36 of 1st period - Stopped by Jeff Glass without a rebound.
1:37 of 1st period - Samuel Pahlsson wins face-off versus Petr Sykora in Diables zone.
2:02 of 1st period - Anssi Salmela is hit by Kellan Lain.
2:05 of 1st period - Off-side.
2:06 of 1st period - Kellan Lain wins face-off versus T.J. Hensick in neutral zone.
2:27 of 1st period - Snap shot by Kellan Lain.
2:27 of 1st period - Stopped by Chad Johnson with a rebound.
2:43 of 1st period - Slapshot by T.J. Hensick.
2:43 of 1st period - Stopped by Jeff Glass without a rebound.
2:44 of 1st period - Kyle Chipchura wins face-off versus Brad Richardson in Diables zone.
3:09 of 1st period - Kyle Cumiskey is hit by Jamie Arniel and loses puck.
3:18 of 1st period - Slapshot by Bryan Rodney.
3:18 of 1st period - Deflect By Jordan LaVallee.
3:18 of 1st period - Stopped by Chad Johnson with a rebound.
3:20 of 1st period - Snap shot by Jamie Arniel.
3:20 of 1st period - Shot Blocked by Kyle Cumiskey.
3:48 of 1st period - Off-side.
3:49 of 1st period - T.J. Hensick wins face-off versus Kyle Chipchura in neutral zone.
3:58 of 1st period - Snap shot by Chris Mcallister.
3:58 of 1st period - Stopped by Chad Johnson without a rebound.
3:59 of 1st period - Kyle Chipchura wins face-off versus Brad Richardson in Demolitions zone.
4:12 of 1st period - Snap shot by Chris Mcallister.
4:12 of 1st period - Shot Misses the Net.
4:14 of 1st period - Wrist shot by Chris Mcallister.
4:14 of 1st period - Goal by Chris Mcallister - Diables : 1 - Demolitions : 0.
4:15 of 1st period - T.J. Hensick wins face-off versus Jamie Arniel in neutral zone.
4:29 of 1st period - Off-side.
4:30 of 1st period - Tyler Bozak wins face-off versus Samuel Pahlsson in neutral zone.
4:39 of 1st period - Snap shot by Damien Brunner.
4:39 of 1st period - Shot Blocked by Bobby Butler.
4:41 of 1st period - Slapshot by Justin Schultz.
4:41 of 1st period - Stopped by Chad Johnson without a rebound.
4:42 of 1st period - Kyle Chipchura wins face-off versus T.J. Hensick in Demolitions zone.
4:47 of 1st period - Backhand shot by Chris Mcallister.
4:47 of 1st period - Deflect By Daniel Paille.
4:47 of 1st period - Shot Misses the Net.
4:47 of 1st period - Puck is out of play.
4:48 of 1st period - Kyle Chipchura wins face-off versus T.J. Hensick in Demolitions zone.
5:09 of 1st period - Minor Penalty to Peter Harrold for Holding.
5:10 of 1st period - Daniel Paille wins face-off versus Damien Brunner in Demolitions zone.
5:35 of 1st period - Anthony Stewart is hit by Kellan Lain and loses puck.
6:02 of 1st period - Chris Mcallister is hit by Doug Janik and loses puck.
6:21 of 1st period - Jordan LaVallee is hit by Martin Grenier and loses puck.
6:35 of 1st period - Icing by Chris Mcallister.
6:36 of 1st period - Kellan Lain wins face-off versus T.J. Hensick in Diables zone.
7:09 of 1st period - Penalty to Peter Harrold is over, Peter Harrold is back on ice.
8:11 of 1st period - Snap shot by Konstantin Pushkarev.
8:11 of 1st period - Stopped by Jeff Glass with a rebound.
8:15 of 1st period - Wrist shot by Darren Helm.
8:15 of 1st period - Shot Misses the Net.
8:17 of 1st period - Wrist shot by Darren Helm.
8:17 of 1st period - Shot Misses the Net.
8:33 of 1st period - Jamie Arniel is hit by Petr Vrana.
9:27 of 1st period - Snap shot by Nicolas Blanchard.
9:27 of 1st period - Stopped by Jeff Glass with a rebound.
9:43 of 1st period - Snap shot by Damien Brunner.
9:43 of 1st period - Deflect By Anthony Stewart.
9:43 of 1st period - Stopped by Chad Johnson with a rebound.
10:15 of 1st period - Slapshot by Martin Grenier.
10:15 of 1st period - Stopped by Chad Johnson without a rebound.
10:16 of 1st period - Tyler Bozak wins face-off versus Jordan LaVallee in Demolitions zone.
10:27 of 1st period - Wrist shot by Damien Brunner.
10:27 of 1st period - Stopped by Chad Johnson with a rebound.
10:47 of 1st period - Slapshot by Petr Sykora.
10:47 of 1st period - Shot Misses the Net.
10:51 of 1st period - Snap shot by Chris Mcallister.
10:51 of 1st period - Shot Misses the Net.
11:15 of 1st period - Anton Babchuk is hit by Pierre-Cédric Labrie and loses puck.
12:00 of 1st period - Wrist shot by Damien Brunner.
12:00 of 1st period - Shot Blocked by Doug Janik.
12:44 of 1st period - Slapshot by Kellan Lain.
12:44 of 1st period - Stopped by Chad Johnson with a rebound.
12:54 of 1st period - Martin Grenier is hit by Petr Vrana and loses puck.
13:22 of 1st period - Wrist shot by Damien Brunner.
13:22 of 1st period - Stopped by Chad Johnson without a rebound.
13:23 of 1st period - T.J. Hensick wins face-off versus Tyler Bozak in Demolitions zone.
13:39 of 1st period - Snap shot by T.J. Hensick.
13:39 of 1st period - Stopped by Jeff Glass with a rebound.
13:56 of 1st period - Slapshot by Brad Richardson.
13:56 of 1st period - Stopped by Jeff Glass with a rebound.
14:24 of 1st period - Wrist shot by Anton Babchuk.
14:24 of 1st period - Stopped by Jeff Glass with a rebound.
14:41 of 1st period - Slapshot by Brett Maclean.
14:41 of 1st period - Shot Misses the Net.
14:57 of 1st period - Snap shot by Bobby Butler.
14:57 of 1st period - Shot Misses the Net.
15:33 of 1st period - Wrist shot by Daniel Paille.
15:33 of 1st period - Goal by Daniel Paille - Diables : 1 - Demolitions : 1.
15:34 of 1st period - T.J. Hensick wins face-off versus Tyler Bozak in neutral zone.
15:37 of 1st period - Slapshot by Anthony Stewart.
15:37 of 1st period - Shot Blocked by Andrej Meszaros.
15:45 of 1st period - Slapshot by T.J. Hensick.
15:45 of 1st period - Stopped by Jeff Glass with a rebound.
15:47 of 1st period - Snap shot by Daniel Paille.
15:47 of 1st period - Goal by Daniel Paille - Diables : 1 - Demolitions : 2.
15:48 of 1st period - T.J. Hensick wins face-off versus Tyler Bozak in neutral zone.
15:51 of 1st period - Brett Maclean is hit by Anthony Stewart and loses puck.
16:38 of 1st period - Snap shot by Tomas Kubalik.
16:38 of 1st period - Stopped by Chad Johnson without a rebound.
16:39 of 1st period - Kellan Lain wins face-off versus T.J. Hensick in Demolitions zone.
16:44 of 1st period - Wrist shot by Tomas Kubalik.
16:44 of 1st period - Shot Misses the Net.
16:46 of 1st period - Snap shot by Kellan Lain.
16:46 of 1st period - Stopped by Chad Johnson with a rebound.
16:50 of 1st period - Wrist shot by Pierre-Cédric Labrie.
16:50 of 1st period - Shot Misses the Net.
16:52 of 1st period - Wrist shot by Kellan Lain.
16:52 of 1st period - Shot Misses the Net.
16:54 of 1st period - Snap shot by Kellan Lain.
16:54 of 1st period - Shot Misses the Net.
17:06 of 1st period - Snap shot by Damien Brunner.
17:06 of 1st period - Shot Misses the Net.
17:12 of 1st period - Damien Brunner is hit by Doug Janik and loses puck.
17:41 of 1st period - Minor Penalty to Konstantin Pushkarev for Hooking.
17:42 of 1st period - Tyler Bozak wins face-off versus Daniel Paille in Demolitions zone.
17:43 of 1st period - Snap shot by Damien Brunner.
17:43 of 1st period - Shot Misses the Net.
17:49 of 1st period - Snap shot by Anthony Stewart.
17:49 of 1st period - Stopped by Jeff Glass with a rebound.
18:20 of 1st period - Off-side.
18:21 of 1st period - T.J. Hensick wins face-off versus Kellan Lain in neutral zone.
19:15 of 1st period - Wrist shot by Chris Mcallister.
19:15 of 1st period - Stopped by Chad Johnson with a rebound.
19:17 of 1st period - Slapshot by Andrej Meszaros.
19:17 of 1st period - Deflect By Chris Mcallister.
19:17 of 1st period - Stopped by Chad Johnson without a rebound.
19:18 of 1st period - Tyler Bozak wins face-off versus Anthony Stewart in Demolitions zone.
19:41 of 1st period - Penalty to Konstantin Pushkarev is over, Konstantin Pushkarev is back on ice.
19:49 of 1st period - Martin Grenier is hit by Andrew Campbell and loses puck.
Goals for this period are 1 for Diables vs 2 for Demolitions.
Shots for this period are 14 for Diables vs 14 for Demolitions.
2nd period
0:01 of 2nd period - Anthony Stewart wins face-off versus Tyler Bozak in neutral zone.
0:26 of 2nd period - Chris Mcallister is hit by Bobby Butler and loses puck.
0:39 of 2nd period - Snap shot by Bobby Butler.
0:39 of 2nd period - Shot Misses the Net.
1:18 of 2nd period - Slapshot by Nicolas Blanchard.
1:18 of 2nd period - Goal by Nicolas Blanchard - Diables : 1 - Demolitions : 3.
1:19 of 2nd period - Tyler Bozak wins face-off versus Daniel Paille in neutral zone.
1:21 of 2nd period - Off-side.
1:22 of 2nd period - T.J. Hensick wins face-off versus Tyler Bozak in neutral zone.
1:29 of 2nd period - Wrist shot by Tyler Bozak.
1:29 of 2nd period - Shot Blocked by Kyle Cumiskey.
1:45 of 2nd period - Minor Penalty to Damien Brunner for Holding.
1:46 of 2nd period - Kyle Chipchura wins face-off versus T.J. Hensick in Diables zone.
3:00 of 2nd period - Justin Schultz is hit by Doug Janik and loses puck.
3:19 of 2nd period - Anthony Stewart is hit by Chris Mcallister and loses puck.
3:45 of 2nd period - Penalty to Damien Brunner is over, Damien Brunner is back on ice.
3:52 of 2nd period - Jamie Arniel is hit by Darren Helm and loses puck.
3:53 of 2nd period - Jamie Arniel from Diables is injured at 3:53 of 2nd period (Lower Body).
3:54 of 2nd period - T.J. Hensick wins face-off versus Tyler Bozak in Diables zone.
4:01 of 2nd period - Anthony Stewart is hit by Tyler Bozak and loses puck.
4:14 of 2nd period - Anton Babchuk is hit by Damien Brunner and loses puck.
4:48 of 2nd period - Snap shot by Darren Helm.
4:48 of 2nd period - Goal by Darren Helm - Diables : 1 - Demolitions : 4.
4:48 of 2nd period - Jean-Francois Berube enters game.
4:49 of 2nd period - Tyler Bozak wins face-off versus T.J. Hensick in neutral zone.
4:52 of 2nd period - Snap shot by Brett Maclean.
4:52 of 2nd period - Shot Blocked by Daniel Paille.
4:54 of 2nd period - Snap shot by Damien Brunner.
4:54 of 2nd period - Stopped by Chad Johnson with a rebound.
4:56 of 2nd period - Wrist shot by Damien Brunner.
4:56 of 2nd period - Stopped by Chad Johnson without a rebound.
4:57 of 2nd period - Tyler Bozak wins face-off versus T.J. Hensick in Demolitions zone.
5:00 of 2nd period - Slapshot by Damien Brunner.
5:00 of 2nd period - Deflect By T.J. Hensick.
5:00 of 2nd period - Shot Misses the Net.
5:00 of 2nd period - Puck is out of play.
5:01 of 2nd period - Tyler Bozak wins face-off versus T.J. Hensick in Demolitions zone.
5:14 of 2nd period - Slapshot by Damien Brunner.
5:14 of 2nd period - Shot Misses the Net.
5:37 of 2nd period - Samuel Pahlsson is hit by Kyle Chipchura and loses puck.
5:52 of 2nd period - Jordan LaVallee is hit by Kellan Lain and loses puck.
5:57 of 2nd period - Snap shot by Kellan Lain.
5:57 of 2nd period - Shot Misses the Net.
6:15 of 2nd period - Wrist shot by J.T. Brown.
6:15 of 2nd period - Shot Misses the Net.
6:48 of 2nd period - Off-side.
6:49 of 2nd period - Kyle Chipchura wins face-off versus Samuel Pahlsson in neutral zone.
7:14 of 2nd period - Daniel Paille is hit by Andrej Meszaros and loses puck.
7:59 of 2nd period - Snap shot by Petr Vrana.
7:59 of 2nd period - Shot Blocked by Pierre-Cédric Labrie.
8:01 of 2nd period - Slapshot by Peter Harrold.
8:01 of 2nd period - Stopped by Jean-Francois Berube without a rebound.
8:02 of 2nd period - Tyler Bozak wins face-off versus T.J. Hensick in Diables zone.
8:27 of 2nd period - Brad Richardson is hit by Matt Jones and loses puck.
8:32 of 2nd period - Wrist shot by Chris Mcallister.
8:32 of 2nd period - Shot Blocked by Anssi Salmela.
8:34 of 2nd period - Snap shot by Kyle Chipchura.
8:34 of 2nd period - Shot Misses the Net.
9:35 of 2nd period - Jordan LaVallee is hit by Kellan Lain and loses puck.
9:42 of 2nd period - Slapshot by Anton Babchuk.
9:42 of 2nd period - Shot Blocked by Matt Jones.
9:58 of 2nd period - Wrist shot by Petr Sykora.
9:58 of 2nd period - Stopped by Chad Johnson without a rebound.
9:59 of 2nd period - Tyler Bozak wins face-off versus Spencer Machacek in Demolitions zone.
10:00 of 2nd period - Snap shot by Brett Maclean.
10:00 of 2nd period - Stopped by Chad Johnson with a rebound.
10:04 of 2nd period - Wrist shot by Tyler Bozak.
10:04 of 2nd period - Shot Misses the Net.
10:12 of 2nd period - Wrist shot by Damien Brunner.
10:12 of 2nd period - Stopped by Chad Johnson without a rebound.
10:13 of 2nd period - Damien Brunner wins face-off versus T.J. Hensick in Demolitions zone.
10:28 of 2nd period - Wrist shot by T.J. Hensick.
10:28 of 2nd period - Deflect By Daniel Paille.
10:28 of 2nd period - Shot Blocked by Justin Schultz.
10:28 of 2nd period - Puck is out of play.
10:29 of 2nd period - Samuel Pahlsson wins face-off versus Kyle Chipchura in Diables zone.
10:32 of 2nd period - Snap shot by Bobby Butler.
10:32 of 2nd period - Deflect By Samuel Pahlsson.
10:32 of 2nd period - Stopped by Jean-Francois Berube with a rebound.
10:34 of 2nd period - Snap shot by Samuel Pahlsson.
10:34 of 2nd period - Stopped by Jean-Francois Berube without a rebound.
10:35 of 2nd period - Samuel Pahlsson wins face-off versus Kyle Chipchura in Diables zone.
10:36 of 2nd period - Snap shot by Bobby Butler.
10:36 of 2nd period - Shot Misses the Net.
10:38 of 2nd period - Slapshot by Kyle Cumiskey.
10:38 of 2nd period - Stopped by Jean-Francois Berube with a rebound.
10:40 of 2nd period - Snap shot by Bobby Butler.
10:40 of 2nd period - Shot Misses the Net.
10:44 of 2nd period - Wrist shot by Bobby Butler.
10:44 of 2nd period - Stopped by Jean-Francois Berube with a rebound.
11:19 of 2nd period - Off-side.
11:20 of 2nd period - Daniel Paille wins face-off versus Damien Brunner in neutral zone.
11:59 of 2nd period - Slapshot by Jordan LaVallee.
11:59 of 2nd period - Shot Misses the Net.
12:47 of 2nd period - Snap shot by Damien Brunner.
12:47 of 2nd period - Shot Misses the Net.
12:49 of 2nd period - Slapshot by Damien Brunner.
12:49 of 2nd period - Shot Misses the Net.
13:25 of 2nd period - Anton Babchuk is hit by Taylor Beck and loses puck.
14:06 of 2nd period - Slapshot by T.J. Hensick.
14:06 of 2nd period - Stopped by Jean-Francois Berube without a rebound.
14:07 of 2nd period - Kellan Lain wins face-off versus Samuel Pahlsson in Diables zone.
15:24 of 2nd period - Penalty Shot by Andrew Campbell for Demolitions.
15:24 of 2nd period - Snap shot by Andrew Campbell.
15:24 of 2nd period - Goal by Andrew Campbell - Diables : 1 - Demolitions : 5.
15:25 of 2nd period - T.J. Hensick wins face-off versus Tyler Bozak in neutral zone.
15:26 of 2nd period - Tyler Bozak wins face-off versus T.J. Hensick in Demolitions zone.
15:40 of 2nd period - Matt Jones is hit by Doug Janik and loses puck.
15:57 of 2nd period - Off-side.
15:58 of 2nd period - T.J. Hensick wins face-off versus Kyle Chipchura in neutral zone.
16:11 of 2nd period - Wrist shot by Anton Babchuk.
16:11 of 2nd period - Deflect By Martin Grenier.
16:11 of 2nd period - Goal by Anton Babchuk - Diables : 1 - Demolitions : 6.
16:12 of 2nd period - Tyler Bozak wins face-off versus T.J. Hensick in neutral zone.
17:08 of 2nd period - Snap shot by Pierre-Cédric Labrie.
17:08 of 2nd period - Stopped by Chad Johnson without a rebound.
17:09 of 2nd period - Tyler Bozak wins face-off versus Anthony Stewart in Demolitions zone.
17:24 of 2nd period - Slapshot by Daniel Paille.
17:24 of 2nd period - Shot Blocked by Brett Maclean.
17:34 of 2nd period - Brad Richardson is hit by Martin Grenier and loses puck.
17:55 of 2nd period - Snap shot by Tomas Kubalik.
17:55 of 2nd period - Goal by Tomas Kubalik - Diables : 2 - Demolitions : 6.
17:56 of 2nd period - Damien Brunner wins face-off versus T.J. Hensick in neutral zone.
18:29 of 2nd period - Snap shot by Petr Sykora.
18:29 of 2nd period - Goal by Petr Sykora - Diables : 3 - Demolitions : 6.
18:30 of 2nd period - T.J. Hensick wins face-off versus Tyler Bozak in neutral zone.
19:31 of 2nd period - Minor Penalty to Spencer Machacek for Interference.
19:32 of 2nd period - Daniel Paille wins face-off versus Tyler Bozak in Demolitions zone.
Goals for this period are 2 for Diables vs 4 for Demolitions.
Shots for this period are 8 for Diables vs 9 for Demolitions.
3rd period
0:01 of 3rd period - Daniel Paille wins face-off versus Tyler Bozak in neutral zone.
0:26 of 3rd period - Kyle Cumiskey is hit by Kellan Lain and loses puck.
1:31 of 3rd period - Penalty to Spencer Machacek is over, Spencer Machacek is back on ice.
2:23 of 3rd period - Bryan Rodney is hit by Kyle Cumiskey and loses puck.
3:19 of 3rd period - Minor Penalty to Seth Helgeson for Hooking.
3:20 of 3rd period - Daniel Paille wins face-off versus Tyler Bozak in Demolitions zone.
3:31 of 3rd period - Snap shot by Anthony Stewart.
3:31 of 3rd period - Goal by Anthony Stewart - Diables : 3 - Demolitions : 7.
3:32 of 3rd period - Tyler Bozak wins face-off versus Daniel Paille in neutral zone.
3:37 of 3rd period - Slapshot by Damien Brunner.
3:37 of 3rd period - Stopped by Chad Johnson without a rebound.
3:38 of 3rd period - Daniel Paille wins face-off versus Tyler Bozak in Demolitions zone.
3:47 of 3rd period - Snap shot by Justin Schultz.
3:47 of 3rd period - Shot Blocked by Kyle Cumiskey.
3:49 of 3rd period - Wrist shot by Justin Schultz.
3:49 of 3rd period - Stopped by Chad Johnson with a rebound.
3:51 of 3rd period - Slapshot by Brett Maclean.
3:51 of 3rd period - Goal by Brett Maclean - Diables : 4 - Demolitions : 7.
3:52 of 3rd period - Tyler Bozak wins face-off versus T.J. Hensick in neutral zone.
4:17 of 3rd period - Bobby Butler is hit by Justin Schultz and loses puck.
4:38 of 3rd period - Snap shot by Konstantin Pushkarev.
4:38 of 3rd period - Shot Misses the Net.
7:10 of 3rd period - Snap shot by Brett Maclean.
7:10 of 3rd period - Stopped by Chad Johnson without a rebound.
7:11 of 3rd period - T.J. Hensick wins face-off versus Tyler Bozak in Demolitions zone.
7:13 of 3rd period - Minor Penalty to Anton Babchuk for Holding.
7:14 of 3rd period - Daniel Paille wins face-off versus Tyler Bozak in Demolitions zone.
7:24 of 3rd period - Wrist shot by Damien Brunner.
7:24 of 3rd period - Stopped by Chad Johnson with a rebound.
7:26 of 3rd period - Slapshot by Justin Schultz.
7:26 of 3rd period - Stopped by Chad Johnson without a rebound.
7:27 of 3rd period - Tyler Bozak wins face-off versus Daniel Paille in Demolitions zone.
9:13 of 3rd period - Penalty to Anton Babchuk is over, Anton Babchuk is back on ice.
9:29 of 3rd period - Slapshot by Bobby Butler.
9:29 of 3rd period - Shot Blocked by Justin Schultz.
11:04 of 3rd period - Double Minor Penalty to Bryan Rodney for Roughing.
11:05 of 3rd period - T.J. Hensick wins face-off versus Kyle Chipchura in Diables zone.
11:05 of 3rd period - Slapshot by Daniel Paille.
11:05 of 3rd period - Stopped by Jean-Francois Berube with a rebound.
11:15 of 3rd period - Slapshot by Peter Harrold.
11:15 of 3rd period - Shot Misses the Net.
11:17 of 3rd period - Snap shot by T.J. Hensick.
11:17 of 3rd period - Stopped by Jean-Francois Berube with a rebound.
11:19 of 3rd period - Wrist shot by Daniel Paille.
11:19 of 3rd period - Stopped by Jean-Francois Berube without a rebound.
11:20 of 3rd period - Kyle Chipchura wins face-off versus T.J. Hensick in Diables zone.
12:15 of 3rd period - Wrist shot by Tyler Bozak.
12:15 of 3rd period - Shot Blocked by Anton Babchuk.
13:13 of 3rd period - Martin Grenier is hit by Darren Helm and loses puck.
13:40 of 3rd period - Icing by Daniel Paille.
13:41 of 3rd period - T.J. Hensick wins face-off versus Tyler Bozak in Demolitions zone.
15:04 of 3rd period - Penalty to Bryan Rodney is over, Bryan Rodney is back on ice.
15:12 of 3rd period - Snap shot by Tyler Bozak.
15:12 of 3rd period - Deflect By Petr Vrana.
15:12 of 3rd period - Stopped by Chad Johnson without a rebound.
15:13 of 3rd period - Nicolas Blanchard wins face-off versus Tyler Bozak in Demolitions zone.
15:37 of 3rd period - Pavel Valentenko is hit by Petr Vrana and loses puck.
15:52 of 3rd period - Wrist shot by Damien Brunner.
15:52 of 3rd period - Shot Misses the Net.
15:54 of 3rd period - Snap shot by Tyler Bozak.
15:54 of 3rd period - Stopped by Chad Johnson with a rebound.
15:56 of 3rd period - Wrist shot by Brett Maclean.
15:56 of 3rd period - Shot Hit the Post.
16:04 of 3rd period - Damien Brunner is hit by Petr Vrana and loses puck.
16:27 of 3rd period - Wrist shot by Nicolas Blanchard.
16:27 of 3rd period - Deflect By Petr Vrana.
16:27 of 3rd period - Stopped by Jean-Francois Berube without a rebound.
16:28 of 3rd period - Daniel Paille wins face-off versus Kyle Chipchura in Diables zone.
16:31 of 3rd period - Wrist shot by T.J. Hensick.
16:31 of 3rd period - Stopped by Jean-Francois Berube without a rebound.
16:32 of 3rd period - T.J. Hensick wins face-off versus Kyle Chipchura in Diables zone.
16:45 of 3rd period - Snap shot by Anthony Stewart.
16:45 of 3rd period - Stopped by Jean-Francois Berube with a rebound.
16:47 of 3rd period - Slapshot by Kyle Cumiskey.
16:47 of 3rd period - Stopped by Jean-Francois Berube without a rebound.
16:48 of 3rd period - Samuel Pahlsson wins face-off versus Kellan Lain in Diables zone.
16:49 of 3rd period - Backhand shot by Brad Richardson.
16:49 of 3rd period - Deflect By Justin Schultz.
16:49 of 3rd period - Shot Blocked by Matt Jones.
16:49 of 3rd period - Puck is out of play.
16:50 of 3rd period - Samuel Pahlsson wins face-off versus Kellan Lain in Diables zone.
17:23 of 3rd period - Snap shot by Chris Mcallister.
17:23 of 3rd period - Shot Misses the Net.
17:37 of 3rd period - Snap shot by Spencer Machacek.
17:37 of 3rd period - Goal by Spencer Machacek - Diables : 4 - Demolitions : 8.
17:38 of 3rd period - T.J. Hensick wins face-off versus Tyler Bozak in neutral zone.
17:51 of 3rd period - Snap shot by Kyle Cumiskey.
17:51 of 3rd period - Deflect By Daniel Paille.
17:51 of 3rd period - Stopped by Jean-Francois Berube with a rebound.
17:53 of 3rd period - Slapshot by Daniel Paille.
17:53 of 3rd period - Shot Misses the Net.
18:10 of 3rd period - Martin Grenier is hit by Peter Harrold and loses puck.
18:18 of 3rd period - Martin Grenier is hit by Konstantin Pushkarev and loses puck.
18:33 of 3rd period - Matt Jones is hit by Spencer Machacek and loses puck.
18:50 of 3rd period - Minor Penalty to Tomas Kubalik for Tripping.
18:51 of 3rd period - Kyle Chipchura wins face-off versus T.J. Hensick in Diables zone.
19:06 of 3rd period - Snap shot by T.J. Hensick.
19:06 of 3rd period - Deflect By Daniel Paille.
19:06 of 3rd period - Shot Blocked by Justin Schultz.
19:06 of 3rd period - Puck is out of play.
19:07 of 3rd period - Kyle Chipchura wins face-off versus T.J. Hensick in Diables zone.
19:19 of 3rd period - Off-side.
19:20 of 3rd period - Kyle Chipchura wins face-off versus T.J. Hensick in neutral zone.
19:23 of 3rd period - Anthony Stewart is hit by Martin Grenier and loses puck.
19:30 of 3rd period - Slapshot by Anton Babchuk.
19:30 of 3rd period - Stopped by Jean-Francois Berube without a rebound.
19:31 of 3rd period - T.J. Hensick wins face-off versus Kyle Chipchura in Diables zone.
19:36 of 3rd period - Snap shot by T.J. Hensick.
19:36 of 3rd period - Stopped by Jean-Francois Berube with a rebound.
19:38 of 3rd period - Slapshot by Kyle Cumiskey.
19:38 of 3rd period - Shot Blocked by Petr Sykora.
19:40 of 3rd period - Wrist shot by Anthony Stewart.
19:40 of 3rd period - Goal by Anthony Stewart - Diables : 4 - Demolitions : 9.
19:41 of 3rd period - T.J. Hensick wins face-off versus Tyler Bozak in neutral zone.
Goals for this period are 1 for Diables vs 3 for Demolitions.
Shots for this period are 8 for Diables vs 13 for Demolitions.
Output by the SimonT Hockey Simulator (STHS) for François Prévost -- Original Page W3C XHTML 1.0 Valid